[Event "Vastgota Open 2023"]
[Site "Skara stadshotell, Jarnvagsgatan 5, Skara, Sweden"]
[Date "2023.02.18"]
[Round "1.1"]
[White "Chatalbashev, Boris"]
[Black "Stolt, Hans-Olof"]
[Result "1-0"]
[TimeControl "15 minutes + 5 seconds per move from move one (Round 1 - 2) / 30 minutes + 10 seconds per move from move one (Round 3 - 9)"]
[WhiteTitle "GM"]
[WhiteFideId "2900440"]
[BlackFideId "1720368"]
[WhiteElo "2522"]
[BlackElo "1843"]

1. d4 e6 2. c4 d5 3. Nc3 c6 4. e4 Bb4 5. e5 Ne7 6. Nf3 Nd7 7. Qb3 Bxc3+ 8. bxc3 c5 9. cxd5 exd5 10.
Bg5 Qb6 11. Bb5 c4 12. Qb4 Qe6 13. O-O h6 14. Bh4 g5 15. Bg3 O-O 16. Ba4 Nc6 17. Qb2 Kh8 18. Bc2 Rg8 19. Rae1 Ne7 20.
h4 g4 21. Nh2 h5 22. f3 gxf3 23. Rxf3 Nf8 24. Rf6 Qd7 25. Rh6+ Kg7 26. Rxh5 Nfg6 27. Qc1 Kf8 28. e6 fxe6 29. Ng4 Nf5 30. Bxf5 exf5 31.
Nf6 Qf7 1-0

[Event "Vastgota Open 2023"]
[Site "Skara stadshotell, Jarnvagsgatan 5, Skara, Sweden"]
[Date "2023.02.18"]
[Round "1.2"]
[White "Andersson, Kjell-Ake"]
[Black "Miezis, Normunds"]
[Result "0-1"]
[TimeControl "15 minutes + 5 seconds per move from move one (Round 1 - 2) / 30 minutes + 10 seconds per move from move one (Round 3 - 9)"]
[BlackTitle "GM"]
[WhiteFideId "1713825"]
[BlackFideId "11600136"]
[WhiteElo "1840"]
[BlackElo "2502"]

1. Nf3 c5 2. c4 Nc6 3. Nc3 g6 4. g3 Bg7 5. Bg2 e5 6. O-O Nge7 7. d3 d6 8. Rb1 O-O 9. a3 a5 10.
Bd2 h6 11. Nb5 Kh7 12. b4 axb4 13. axb4 cxb4 14. Bxb4 Nxb4 15. Rxb4 d5 16. Qb1 Nc6 17. Rb3 e4 18. Nd2 Ra1 19.
Qc2 Rxf1+ 20. Nxf1 dxc4 21. dxc4 f5 22. Ne3 Be6 23. Rb1 Rf7 24. c5 Rd7 25. Rd1 Rxd1+ 26. Nxd1 Qa5 27. Nbc3 Qxc5 28.
Qd2 Qb4 29. h3 Nd4 30. Kh2 Nb3 0-1

[Event "Vastgota Open 2023"]
[Site "Skara stadshotell, Jarnvagsgatan 5, Skara, Sweden"]
[Date "2023.02.18"]
[Round "1.3"]
[White "Sivuk, Vitaly"]
[Black "Thornqvist, Christer"]
[Result "1-0"]
[TimeControl "15 minutes + 5 seconds per move from move one (Round 1 - 2) / 30 minutes + 10 seconds per move from move one (Round 3 - 9)"]
[WhiteTitle "GM"]
[WhiteFideId "14116502"]
[BlackFideId "1732250"]
[WhiteElo "2502"]
[BlackElo "1840"]

1. d4 Nf6 2. c4 e6 3. Nf3 d5 4. Nc3 c6 5. Bg5 dxc4 6. e4 b5 7. e5 h6 8. Bh4 g5 9. Nxg5 hxg5 10.
Bxg5 Nbd7 11. g3 Bb7 12. Bg2 Qb6 13.
exf6 O-O-O 14. O-O c5 15. d5 Qa6 16. Qe2 b4 17. dxe6 bxc3 18. exd7+ Rxd7 19. bxc3 Bxg2 20. Kxg2 Qc6+ 21.
Kg1 Qd5 22. Rad1 Qxg5 23. Qe8+ 1-0

[Event "Vastgota Open 2023"]
[Site "Skara stadshotell, Jarnvagsgatan 5, Skara, Sweden"]
[Date "2023.02.18"]
[Round "1.4"]
[White "Wiman, Kenneth"]
[Black "Seo, Jung Min"]
[Result "0-1"]
[TimeControl "15 minutes + 5 seconds per move from move one (Round 1 - 2) / 30 minutes + 10 seconds per move from move one (Round 3 - 9)"]
[BlackTitle "IM"]
[WhiteFideId "1707442"]
[BlackFideId "1734687"]
[WhiteElo "1823"]
[BlackElo "2448"]

1. d4 Nf6 2. c4 e6 3.
Nc3 Bb4 4. a3 Bxc3+ 5. bxc3 O-O 6. f3 c5 7. e3 b6 8. Bd3 Ba6 9. Ne2 Nc6 10. O-O Na5 11. Qa4 d5 12. Ng3 Bxc4 13.
Bxc4 Nxc4 14. e4 cxd4 15. e5 Nxe5 16. cxd4 Nc4 17. Bf4 Qd7 18. Qb4 h6 19. Rfe1 Rac8 20. Rad1 Rfe8 21. Nf1 Qe7 22. Nd2 Qxb4 23.
axb4 Nb2 24. Ra1 Nd3 25. Bg3 Nxe1 26. Bxe1 Rc7 27. Bg3 Rc2 28. Nf1 Re7 0-1

[Event "Vastgota Open 2023"]
[Site "Skara stadshotell, Jarnvagsgatan 5, Skara, Sweden"]
[Date "2023.02.18"]
[Round "1.5"]
[White "Cramling, Pia"]
[Black "Holmgren, Peter"]
[Result "1-0"]
[TimeControl "15 minutes + 5 seconds per move from move one (Round 1 - 2) / 30 minutes + 10 seconds per move from move one (Round 3 - 9)"]
[WhiteTitle "GM"]
[WhiteFideId "1700030"]
[BlackFideId "1713906"]
[WhiteElo "2429"]
[BlackElo "1807"]

1. d4 d5 2. c4 c6 3. Nf3 Nf6 4. Qc2 g6 5. cxd5 Bf5 6. Qb3 Bxb1 7. Rxb1 cxd5 8. Qxb7 Nbd7 9. e3 Bg7 10.
Bd3 O-O 11. O-O e6 12. Bd2 Re8 13. Rfc1 Bf8 14. Qa6 Ng4 15. h3 Nh6 16. Bb5 Rb8 17. Ba5 Qe7 18. Rc7 Rbd8 19. Qc6 Nb8 20.
Rxe7 Nxc6 21. Rxe8 Rxe8 22. Bxc6 Rc8 23. Bb5 Bd6 24. Bd3 f6 25. Ba6 Rc6 26. Bb5 Rc8 27. Bd7 1-0

[Event "Vastgota Open 2023"]
[Site "Skara stadshotell, Jarnvagsgatan 5, Skara, Sweden"]
[Date "2023.02.18"]
[Round "1.6"]
[White "Johansson, Eva"]
[Black "Galperin, Platon"]
[Result "0-1"]
[TimeControl "15 minutes + 5 seconds per move from move one (Round 1 - 2) / 30 minutes + 10 seconds per move from move one (Round 3 - 9)"]
[BlackTitle "GM"]
[WhiteFideId "1724584"]
[BlackFideId "14165414"]
[WhiteElo "1805"]
[BlackElo "2429"]

1. d4 Nf6 2. c4 g6 3. Nf3 Bg7 4. g3 O-O 5. Bg2 d6 6. O-O Re8 7. Nc3 Bd7 8. h3 e5 9. d5 a5 10.
b3 e4 11. Nd4 Na6 12. Bb2 e3 13. f4 Nc5 14. Kh2 h5 15. f5 Nh7 16. fxg6 fxg6 17. Ne6 Nxe6 18. dxe6 Bxe6 19. Bxb7 Be5 20. Bd5 Qh4 21. Bxe6+ Rxe6 22.
Rf3 Ng5 0-1

[Event "Vastgota Open 2023"]
[Site "Skara stadshotell, Jarnvagsgatan 5, Skara, Sweden"]
[Date "2023.02.18"]
[Round "1.7"]
[White "Golubka, Petro"]
[Black "Eriksson, Magnus"]
[Result "1-0"]
[TimeControl "15 minutes + 5 seconds per move from move one (Round 1 - 2) / 30 minutes + 10 seconds per move from move one (Round 3 - 9)"]
[WhiteTitle "GM"]
[WhiteFideId "14114224"]
[BlackFideId "1709941"]
[WhiteElo "2407"]
[BlackElo "1801"]

1. e4 c5 2. b3 Nf6 3. e5 Nd5 4. Qf3 e6 5. Bb2 Nc6 6. Bc4 Nb6 7. Bb5 Be7 8. Bxc6 dxc6 9. Qg3 O-O 10.
c4 Nd7 11. Nf3 b5 12. d3 f6 13. Nc3 b4 14. Ne2 Nxe5 15. Nxe5 fxe5 16. Bxe5 Bf6 17. Rd1 Bxe5 18. Qxe5 Qf6 19. Qxc5 e5 20. O-O a5 21.
f3 Rd8 22. d4 exd4 23. Nxd4 Bd7 24. Rfe1 a4 25. bxa4 1-0

[Event "Vastgota Open 2023"]
[Site "Skara stadshotell, Jarnvagsgatan 5, Skara, Sweden"]
[Date "2023.02.18"]
[Round "1.8"]
[White "Tillman, Jan-Olof"]
[Black "Kucuksari, Kaan"]
[Result "0-1"]
[TimeControl "15 minutes + 5 seconds per move from move one (Round 1 - 2) / 30 minutes + 10 seconds per move from move one (Round 3 - 9)"]
[BlackTitle "IM"]
[WhiteFideId "1712080"]
[BlackFideId "6380166"]
[WhiteElo "1794"]
[BlackElo "2380"]

1. d4 Nf6 2. c4 g6 3. Nc3 d5 4. cxd5 Nxd5 5. Nf3 Bg7 6. e4 Nxc3 7. bxc3 c5 8. Be3 cxd4 9. Bxd4 O-O 10.
Bxg7 Qxd1+ 11. Rxd1 Kxg7 12. Bd3 Nd7 13. O-O Nc5 14. Bb1 Be6 15. Nd4 Rac8 16. Nxe6+ Nxe6 17. Rd7 Rc7 18. Rfd1 Rfc8 19.
g3 Nc5 20. Rxc7 Rxc7 21. c4 Na4 22. Bc2 Nb2 23. Rb1 Nxc4 24. Bb3 Nd2 25. Re1 Nf3+ 0-1

[Event "Vastgota Open 2023"]
[Site "Skara stadshotell, Jarnvagsgatan 5, Skara, Sweden"]
[Date "2023.02.18"]
[Round "1.9"]
[White "Kockum, Anton Frisk"]
[Black "Johansson, Per"]
[Result "1-0"]
[TimeControl "15 minutes + 5 seconds per move from move one (Round 1 - 2) / 30 minutes + 10 seconds per move from move one (Round 3 - 9)"]
[WhiteTitle "FM"]
[WhiteFideId "1709143"]
[BlackFideId "1724126"]
[WhiteElo "2367"]
[BlackElo "1792"]

1. d4 Nf6 2. c4 Nc6 3. Nf3 e6 4. Nc3 Bb4 5. Bd2 O-O 6. e3 b6 7. Bd3 Bb7 8. O-O Be7 9. e4 d6 10.
a3 a5 11. h3 Nd7 12. Be3 e5 13.
d5 Ncb8 14. b4 Re8 15. Qd2 Nf8 16.
c5 bxc5 17. bxc5 Ba6 18. c6 Bxd3 19. Qxd3 Ng6 20. g3 Qc8 21. Kg2 Rf8 22. Rab1 f5 23. exf5 Qxf5 24. Qxf5 Rxf5 25. Rb7 Bd8 26.
Nd2 Na6 27. Nde4 h6 28. Rfb1 Rf7 29. R1b5 a4 30. Ra5 Ne7 31. Rxa4 Nc8 32. Nb5 Nb6 33. Bxb6 cxb6 34. Nexd6 Rf8 35.
Ne4 1-0

[Event "Vastgota Open 2023"]
[Site "Skara stadshotell, Jarnvagsgatan 5, Skara, Sweden"]
[Date "2023.02.18"]
[Round "1.10"]
[White "Frisk, Anders"]
[Black "Bellon Lopez, Juan Manuel"]
[Result "0-1"]
[TimeControl "15 minutes + 5 seconds per move from move one (Round 1 - 2) / 30 minutes + 10 seconds per move from move one (Round 3 - 9)"]
[BlackTitle "GM"]
[WhiteFideId "1718797"]
[BlackFideId "2200031"]
[WhiteElo "1781"]
[BlackElo "2318"]

1. c4 g6 2. Nc3 Bg7 3. g3 c5 4. Bg2 Nc6 5. e4 e6 6. Nge2 Nge7 7. d3 O-O 8. O-O d6 9. Be3 Nd4 10.
Qd2 Rb8 11. Rab1 a6 12. Bh6 b5 13. Bxg7 Kxg7 14. b3 b4 15. Nxd4 bxc3 16. Nxe6+ fxe6 17. Qxc3+ e5 18. f4 Nc6 19.
f5 Nd4 20. Qd2 gxf5 21. exf5 Bxf5 22. Rbe1 Bg6 23. h4 Qe7 24. Kh2 Rxf1 25. Rxf1 Rf8 26. Rxf8 Qxf8 27. Qe3 Qf5 28. Be4 Qg4 29.
Kg2 Qe2+ 30. Qxe2 Nxe2 31. Kf3 Nc1 0-1

[Event "Vastgota Open 2023"]
[Site "Skara stadshotell, Jarnvagsgatan 5, Skara, Sweden"]
[Date "2023.02.18"]
[Round "1.11"]
[White "Ernst, Thomas"]
[Black "Sundqvist, Jan-Ove"]
[Result "1-0"]
[TimeControl "15 minutes + 5 seconds per move from move one (Round 1 - 2) / 30 minutes + 10 seconds per move from move one (Round 3 - 9)"]
[WhiteTitle "GM"]
[WhiteFideId "1700065"]
[BlackFideId "1720414"]
[WhiteElo "2315"]
[BlackElo "1781"]

1. e4 c5 2. Nf3 Nc6 3. d4 cxd4 4. Nxd4 Nf6 5. Nc3 d6 6. Bg5 Bd7 7. Qd2 a6 8. O-O-O b5 9. Bxf6 gxf6 10.
f4 Bh6 11. Nf5 Bxf5 12. exf5 Rc8 13. Kb1 Qa5 14. g3 O-O 15. Nd5 Qxd2 16. Rxd2 Rfe8 17. Bg2 Kg7 18. a3 Ne5 19. Re2 Nc6 20.
Rhe1 Kf8 21. Nxf6 exf6 22. Rxe8+ Rxe8 23. Rxe8+ Kxe8 24. Bxc6+ Kd8 25. Bd5 Ke7 26. b4 Bf8 27. Bb7 1-0

[Event "Vastgota Open 2023"]
[Site "Skara stadshotell, Jarnvagsgatan 5, Skara, Sweden"]
[Date "2023.02.18"]
[Round "1.12"]
[White "Helin, Mikael"]
[Black "Lindgren, Philip"]
[Result "0-1"]
[TimeControl "15 minutes + 5 seconds per move from move one (Round 1 - 2) / 30 minutes + 10 seconds per move from move one (Round 3 - 9)"]
[WhiteTitle "CM"]
[BlackTitle "IM"]
[WhiteFideId "1703838"]
[BlackFideId "1713230"]
[WhiteElo "1750"]
[BlackElo "2282"]

1. e4 c6 2. d4 d5 3. f3 e6 4. Be3 dxe4 5. fxe4 Qh4+ 6. g3 Qxe4 7. Qd2 Qd5 8. Bg2 Qd8 9. Nc3 Nf6 10.
Nge2 Nbd7 11. a3 Be7 12. O-O O-O 13. h3 e5 14. Kh2 exd4 15. Nxd4 Ne5 16. Qe2 Re8 17. Rad1 Qc7 18. Nf5 Bxf5 19.
Rxf5 Ng6 20. Qf2 Bd6 21. Rxf6 gxf6 22. Ne4 Rxe4 23. Bxe4 Re8 24. Bd3 Bxg3+ 25. Qxg3 Qxg3+ 26. Kxg3 Rxe3+ 27. Kf2 Rxh3 28. Re1 Kg7 29. b4 Ne5 30. Be4 Rxa3 31. Rg1+ Ng6 32. Rd1 a5 33. Rd7 axb4 34. Rxb7 c5 35.
Bd5 Ne5 36. Rb5 Rc3 37. Be4 h5 38. Kg2 Kh6 39. Rb8 Kg5 40. Rg8+ Kf4 41. Bh7 f5 42. Rh8 Rxc2+ 43. Kg1 b3 44.
Bxf5 Kxf5 45. Rxh5+ Kf4 0-1

[Event "Vastgota Open 2023"]
[Site "Skara stadshotell, Jarnvagsgatan 5, Skara, Sweden"]
[Date "2023.02.18"]
[Round "2.1"]
[White "Ask, Josef"]
[Black "Chatalbashev, Boris"]
[Result "0-1"]
[TimeControl "15 minutes + 5 seconds per move from move one (Round 1 - 2) / 30 minutes + 10 seconds per move from move one (Round 3 - 9)"]
[WhiteTitle "FM"]
[BlackTitle "GM"]
[WhiteFideId "1704583"]
[BlackFideId "2900440"]
[WhiteElo "2102"]
[BlackElo "2522"]

1. e4 g6 2. d3 Bg7 3. g3 c5 4. Bg2 Nc6 5. Ne2 e6 6. Nbc3 Nge7 7. O-O O-O 8. h3 Rb8 9. Be3 Nd4 10.
Qd2 b5 11. a3 d6 12. Bh6 Bxh6 13. Qxh6 Nxc2 14. Rac1 Nd4 15. f4 Nxe2+ 16. Nxe2 Kh8 17. f5 exf5 18. Qe3 Be6 19. Rf4 b4 20.
Rh4 Ng8 21. Rf1 bxa3 22. bxa3 g5 23. Rh5 f6 24. exf5 Bf7 25. Qf3 Qe8 26. g4 Bxh5 27. gxh5 Qe5 28. Rd1 Rb2 29. Ng3 Re8 30. h6 Nxh6 31.
Ne4 d5 32. Nxc5 Qd4+ 0-1

[Event "Vastgota Open 2023"]
[Site "Skara stadshotell, Jarnvagsgatan 5, Skara, Sweden"]
[Date "2023.02.18"]
[Round "2.2"]
[White "Miezis, Normunds"]
[Black "Wengholm, Anders"]
[Result "1-0"]
[TimeControl "15 minutes + 5 seconds per move from move one (Round 1 - 2) / 30 minutes + 10 seconds per move from move one (Round 3 - 9)"]
[WhiteTitle "GM"]
[WhiteFideId "11600136"]
[BlackFideId "1704818"]
[WhiteElo "2502"]
[BlackElo "2104"]

1. c4 c5 2. Nc3 Nc6 3. g3 g6 4. Bg2 Bg7 5. a3 d6 6. Rb1 Bd7 7. b4 Bxc3 8. dxc3 Qc7 9. Nf3 f6 10.
O-O O-O-O 11. Be3 b6 12. a4 a5 13.
bxc5 bxc5 14. Qb3 e5 15. Nd2 f5 16. Bd5 h6 17. Rb2 Nf6 18. Rfb1 Ng4 19. Nf1 g5 20. Qb6 f4 21. Qa6+ 1-0

[Event "Vastgota Open 2023"]
[Site "Skara stadshotell, Jarnvagsgatan 5, Skara, Sweden"]
[Date "2023.02.18"]
[Round "2.3"]
[White "Evertsson, Lennart"]
[Black "Sivuk, Vitaly"]
[Result "1-0"]
[TimeControl "15 minutes + 5 seconds per move from move one (Round 1 - 2) / 30 minutes + 10 seconds per move from move one (Round 3 - 9)"]
[BlackTitle "GM"]
[WhiteFideId "1705156"]
[BlackFideId "14116502"]
[WhiteElo "2095"]
[BlackElo "2502"]

1. c4 e6 2. Nf3 d5 3. e3 Nf6 4. b3 c5 5. Bb2 Nc6 6. Be2 d4 7. exd4 cxd4 8. d3 e5 9. O-O Be7 10.
Nbd2 O-O 11. a3 a5 12. Re1 Nd7 13. Qc2 b6 14. Ne4 f5 15. Ng3 Nc5 16. Bf1 Bf6 17. Nh5 Bb7 18. Rab1 e4 19.
Nxf6+ Qxf6 20. Nd2 Rae8 21. Ba1 Qg5 22. dxe4 fxe4 23. b4 e3 24. fxe3 dxe3 25. bxc5 exd2 26. Rxe8 Rxe8 27. Bc3 Qxc5+ 28. Kh1 Rd8 29. Rd1 Qf2 30. Qe4 Rf8 31. Bd3 g6 32. c5 b5 33. Bxb5 Qf5 34. Bc4+ Rf7 35. Qe8# 1-0

[Event "Vastgota Open 2023"]
[Site "Skara stadshotell, Jarnvagsgatan 5, Skara, Sweden"]
[Date "2023.02.18"]
[Round "2.4"]
[White "Seo, Jung Min"]
[Black "Lind, Jan-Olov"]
[Result "1-0"]
[TimeControl "15 minutes + 5 seconds per move from move one (Round 1 - 2) / 30 minutes + 10 seconds per move from move one (Round 3 - 9)"]
[WhiteTitle "IM"]
[WhiteFideId "1734687"]
[BlackFideId "1701193"]
[WhiteElo "2448"]
[BlackElo "2096"]

1. e4 c5 2. Nf3 g6 3. d4 cxd4 4. Nxd4 Bg7 5. Nc3 Nc6 6.
Be3 Nf6 7. Bc4 O-O 8. Bb3 d6 9. f3 Bd7 10. Qd2 Nxd4 11. Bxd4 b5 12. O-O a5 13. a3 Rb8 14. Kh1 a4 15.
Ba2 b4 16. axb4 Rxb4 17. Ne2 Qb8 18. Bc3 Rxb2 19. Bxb2 Qxb2 20. Rfb1 Qe5 21. c3 Bc6 22. Nd4 Bxe4 23. Re1 d5 24. Bb1 Qh5 25. fxe4 Ng4 26. h3 Qh4 27.
Nf3 Nf2+ 28. Kg1 Nxh3+ 29. gxh3 Qg3+ 30. Qg2 Qf4 31. e5 Rc8 32. Qg4 Qxg4+ 33. hxg4 Rxc3 34. Kf2 a3 35. Re3 Rc4 36.
g5 h6 37. Raxa3 hxg5 38. Ra8+ Bf8 39. Nxg5 Kg7 40. Rf3 1-0

[Event "Vastgota Open 2023"]
[Site "Skara stadshotell, Jarnvagsgatan 5, Skara, Sweden"]
[Date "2023.02.18"]
[Round "2.5"]
[White "Bengtsson, Jessica"]
[Black "Cramling, Pia"]
[Result "1-0"]
[TimeControl "15 minutes + 5 seconds per move from move one (Round 1 - 2) / 30 minutes + 10 seconds per move from move one (Round 3 - 9)"]
[WhiteTitle "WFM"]
[BlackTitle "GM"]
[WhiteFideId "1711083"]
[BlackFideId "1700030"]
[WhiteElo "2016"]
[BlackElo "2429"]

1. e4 c5 2. c3 Nf6 3. e5 Nd5 4. d4 cxd4 5. Nf3 Nc6 6. cxd4 g6 7. Bc4 Nb6 8. Bb3 Bg7 9. O-O O-O 10.
Nc3 d6 11. Bf4 Bg4 12. Re1 dxe5 13. dxe5 Qxd1 14. Bxd1 Rad8 15. h3 Bxf3 16. Bxf3 Nd4 17. Be4 Nc4 18. Rab1 Ne6 19. Be3 Nxe3 20.
Rxe3 Bxe5 21. Bxb7 Bd4 22. Ree1 Nc5 23. Be4 a5 24. Bc2 e5 25. Ne2 Rd5 26. b4 axb4 27. Rxb4 Rc8 28. Bb3 Nxb3 29. Rxb3 Rc2 30. Nxd4 exd4 31.
a4 d3 32. Rd1 d2 33. Kf1 Ra2 34.
Rbb1 h5 35. Ke2 Re5+ 36. Kf1 Kg7 37. g3 h4 38. g4 Rd5 39. Ke2 Re5+ 40. Kf1 Re4 41. Rb3 Rd4 42. Ke2 Re4+ 43. Kf1 Rexa4 44. Rd3 R4a3 45. Ke2 Rxd3 46. Kxd3 Ra3+ 47. Kxd2 Rxh3 48. Ke2 Ra3 49. Kf1 Kh6 50. Rd5 f6 51. Kg2 h3+ 52. Kh2 Rf3 53.
Kg1 Rf4 54. Kh2 Rf3 55. Rc5 Kg7 1-0

[Event "Vastgota Open 2023"]
[Site "Skara stadshotell, Jarnvagsgatan 5, Skara, Sweden"]
[Date "2023.02.18"]
[Round "2.6"]
[White "Galperin, Platon"]
[Black "Danielsson, Fredrik"]
[Result "1-0"]
[TimeControl "15 minutes + 5 seconds per move from move one (Round 1 - 2) / 30 minutes + 10 seconds per move from move one (Round 3 - 9)"]
[WhiteTitle "GM"]
[WhiteFideId "14165414"]
[BlackFideId "1729993"]
[WhiteElo "2429"]
[BlackElo "2071"]

1. Nf3 c6 2. g3 d5 3. Bg2 Nf6 4. O-O Bf5 5. d3 e6 6. Nh4 Bg6 7. Nd2 Be7 8. e4 dxe4 9. dxe4 O-O 10.
h3 Nfd7 11. Nxg6 hxg6 12. h4 Qc7 13. h5 gxh5 14. Qxh5 Nf6 15. Qe2 Nbd7 16. a4 g6 17. Nc4 Kg7 18. Bf4 e5 19. Bg5 Rh8 20.
Bf3 Nc5 21. c3 Ne6 22. Bd2 a5 23. Kg2 Bc5 24. Rh1 b5 25. Rxh8 Kxh8 26. axb5 cxb5 27. Ne3 Bxe3 28. Qxe3 Ng8 29.
Bg4 Nc5 30. Qf3 Kg7 31. Be3 Nf6 32. Bh6+ Kxh6 33. Qxf6 1-0

[Event "Vastgota Open 2023"]
[Site "Skara stadshotell, Jarnvagsgatan 5, Skara, Sweden"]
[Date "2023.02.18"]
[Round "2.7"]
[White "Sundstrom, Bjorn"]
[Black "Golubka, Petro"]
[Result "0-1"]
[TimeControl "15 minutes + 5 seconds per move from move one (Round 1 - 2) / 30 minutes + 10 seconds per move from move one (Round 3 - 9)"]
[BlackTitle "GM"]
[WhiteFideId "1712071"]
[BlackFideId "14114224"]
[WhiteElo "2003"]
[BlackElo "2407"]

1. e4 b6 2. d4 Bb7 3. Bd3 e6 4. Qe2 Nf6 5. Nf3 d5 6. e5 Ne4 7. O-O Be7 8. c3 c5 9. Nbd2 Nxd2 10.
Bxd2 Nc6 11. Rac1 a5 12. Rfd1 c4 13. Bc2 b5 14. Ne1 h5 15. f4 g6 16. Qf3 Qb6 17. Kh1 b4 18. Qh3 b3 19.
axb3 cxb3 20. Bxg6 Nxd4 21. cxd4 fxg6 22. Qg3 Rg8 23. Nf3 a4 24. Bc3 Ba6 25. Ng5 Be2 26. Re1 Bg4 27. Nh7 Kf7 28.
Ng5+ Kg7 29. h3 Bf5 30. Qf3 Rh8 31. Kg1 h4 32. Ra1 a3 0-1

[Event "Vastgota Open 2023"]
[Site "Skara stadshotell, Jarnvagsgatan 5, Skara, Sweden"]
[Date "2023.02.18"]
[Round "2.8"]
[White "Kucuksari, Kaan"]
[Black "Muntean, Victor"]
[Result "1-0"]
[TimeControl "15 minutes + 5 seconds per move from move one (Round 1 - 2) / 30 minutes + 10 seconds per move from move one (Round 3 - 9)"]
[WhiteTitle "IM"]
[WhiteFideId "6380166"]
[BlackFideId "1054414"]
[WhiteElo "2380"]
[BlackElo "1985"]

1. d4 Nf6 2. Bf4 g6 3. Nc3 Bg7 4. e4 d6 5. Qd2 Nh5 6. Bg5 h6 7. Be3 e5 8. O-O-O exd4 9. Bxd4 Bxd4 10.
Qxd4 O-O 11. h4 Nc6 12. Qd2 Kh7 13. Be2 Ng7 14. f4 h5 15. Nf3 f6 16. Bd3 Bg4 17. Nd5 Ne7 18. Ne3 Bxf3 19.
gxf3 f5 20. Rhg1 fxe4 21. fxe4 Rxf4 22. Nf5 Rg4 23. Qh6+ 1-0

[Event "Vastgota Open 2023"]
[Site "Skara stadshotell, Jarnvagsgatan 5, Skara, Sweden"]
[Date "2023.02.18"]
[Round "2.9"]
[White "Wesslen, Ulf"]
[Black "Kockum, Anton Frisk"]
[Result "0-1"]
[TimeControl "15 minutes + 5 seconds per move from move one (Round 1 - 2) / 30 minutes + 10 seconds per move from move one (Round 3 - 9)"]
[BlackTitle "FM"]
[WhiteFideId "1705199"]
[BlackFideId "1709143"]
[WhiteElo "1972"]
[BlackElo "2367"]

1. e4 e6 2. d4 d5 3. Nc3 Bb4 4. e5 Qd7 5. a3 Bxc3+ 6. bxc3 b6 7. Qg4 f5 8. Qg3 Ba6 9. Bd3 c5 10.
Nh3 Bxd3 11. Qxd3 Ne7 12. a4 O-O 13. Nf4 Nbc6 14. O-O Ng6 15. Re1 Nxf4 16. Bxf4 Rac8 17. dxc5 bxc5 18. c4 d4 19.
c3 Rb8 20. cxd4 cxd4 21. a5 Rb2 22. Bc1 Rb7 23. a6 Rb6 24. Ba3 Rc8 25. Bd6 Nb4 26. Qb3 Nxa6 27. Qa2 d3 28. h3 h6 29.
Red1 Nb4 30. Qxa7 Rb7 31. Qa4 Rxc4 32. Qxd7 Rxd7 33. Ra8+ Kh7 34. Re8 Rd4 35. Rxe6 Nd5 36. Rd2 Nf4 37. Re8 Re4 38. Ra8 Re1+ 39. Kh2 Re2 40. Raa2 Re1 41.
g3 Ne6 42. Rxd3 g5 43. Kg2 Rxe5 44. Bxe5 Rxd3 45. Ra7+ Kg6 46. Re7 Nc5 47. g4 fxg4 48. hxg4 h5 49. Rc7 Rd5 50. Rg7+ Kh6 51. Re7 hxg4 52. Kg3 Kh5 53. Bb8 Rd3+ 54. Kg2 Kg6 55. Ra7 Ne6 56.
Ra6 Kf5 57. Kf1 Nf4 58. Ke1 g3 59. fxg3 Rxg3 60. Ra5+ Kg4 61. Kf2 Rf3+ 62. Ke1 Rb3 63. Bd6 Re3+ 64. Kf2 Re2+ 65. Kf1 Rc2 66. Be7 Nh3 67. Ra4+ Kf3 68. Ra3+ Kg4 69. Ra4+ Nf4 70. Ra5 Ne6 71. Ra4+ Kf3 72. Ra3+ Ke4 73. Ra5 g4 74. Bf6 Nf4 75. Rg5 Kf3 76. Ke1 g3 77.
Kd1 Ra2 78. Rg8 g2 79. Bd4 Ra4 80. Bb6 Ra1+ 81. Kc2 Rf1 82. Kd2 Rb1 83. Kc2 0-1

[Event "Vastgota Open 2023"]
[Site "Skara stadshotell, Jarnvagsgatan 5, Skara, Sweden"]
[Date "2023.02.18"]
[Round "2.10"]
[White "Bellon Lopez, Juan Manuel"]
[Black "Bengtsson, Siv"]
[Result "1/2-1/2"]
[TimeControl "15 minutes + 5 seconds per move from move one (Round 1 - 2) / 30 minutes + 10 seconds per move from move one (Round 3 - 9)"]
[WhiteTitle "GM"]
[WhiteFideId "2200031"]
[BlackFideId "1701673"]
[WhiteElo "2318"]
[BlackElo "1969"]

1. d4 Nf6 2. Bg5 g6 3. Bxf6 exf6 4. e3 d5 5. Ne2 Bg7 6. Nf4 f5 7. g3 c6 8. Nd2 Nd7 9. c4 Nf6 10.
Bg2 Ne4 11. cxd5 cxd5 12. O-O O-O 13. Nxe4 dxe4 14. h4 Bd7 15. Qb3 b6 16. Rac1 Rc8 17. Rc3 Rxc3 18. bxc3 Qe7 19. Rc1 Be6 20.
Qa4 Rc8 21. d5 Bd7 22. Qxa7 b5 23. Bf1 Qd6 24. c4 bxc4 25. Rxc4 Rxc4 26. Bxc4 h6 27. Qa8+ Kh7 28. Qd8 Bf6 29.
Qa5 Be5 30. Bb3 g5 31. hxg5 hxg5 32. Ne2 f4 33. exf4 gxf4 34. Qd2 fxg3 35. Qg5 gxf2+ 36. Kxf2 Qb6+ 37. Kg2 Qg6 38. Qxg6+ Kxg6 39. a4 f5 40. a5 Bb5 41. Ng3 Bxg3 42. Kxg3 Kf6 43. Kf4 Ba6 44.
Bc2 Bb5 45. Bd1 Bc4 46. d6 Ke6 47. Bh5 Kxd6 48. Kxf5 e3 49. Ke4 e2 50. Bxe2 Bxe2 51. a6 Bxa6 1/2-1/2

[Event "Vastgota Open 2023"]
[Site "Skara stadshotell, Jarnvagsgatan 5, Skara, Sweden"]
[Date "2023.02.18"]
[Round "2.11"]
[White "Bjorkman, Filip"]
[Black "Ernst, Thomas"]
[Result "1/2-1/2"]
[TimeControl "15 minutes + 5 seconds per move from move one (Round 1 - 2) / 30 minutes + 10 seconds per move from move one (Round 3 - 9)"]
[BlackTitle "GM"]
[WhiteFideId "1734970"]
[BlackFideId "1700065"]
[WhiteElo "1957"]
[BlackElo "2315"]

1. e4 c5 2. Nf3 d6 3. d4 cxd4 4. Nxd4 Nf6 5. Nc3 g6 6. Be3 Bg7 7. f3 Nc6 8. Qd2 O-O 9. O-O-O d5 10.
Qe1 e5 11. Nxc6 bxc6 12. exd5 Nxd5 13. Bc4 Be6 14. Ne4 Qc7 15. Bc5 Rfd8 16. g4 h6 17. h4 Rab8 18. h5 g5 19. b3 Rd7 20.
Qf2 Rbd8 21. Rhe1 Nf4 22. Bxe6 Nxe6 23.
Ba3 Rxd1+ 24. Rxd1 Rxd1+ 25. Kxd1 Qa5 26. Bb2 Qxa2 27. Kc1 Qa5 28. Bc3 Qa6 29. Kb2 Nd4 30. f4 gxf4 31. Qh4 Qe2 32.
Qd8+ Kh7 33. Bxd4 exd4 34. Nf6+ Bxf6 35. Qxf6 Qe6 36. Qxf4 c5 37. g5 Qd5 38. Qf6 Qxg5 39. Qxf7+ Kh8 40.
Qf8+ Kh7 41. Qf7+ 1/2-1/2